 Dungeon Crawl Stone Soup version 0.28.0-47-ge53b351184 (webtiles) character file.

Game seed: 780019125342934474

38 Bruhh the Changer (level 3, -1/26 HPs)
             Began as a Merfolk Transmuter on Apr 30, 2022.
             Slain by a gnoll
             ... wielding a +0 spear
              (4 damage)
             ... on level 1 of the Dungeon.
             The game lasted 00:02:46 (2147 turns).

Bruhh the Changer (Merfolk Transmuter)              Turns: 2147, Time: 00:02:47

Health: -1/26      AC:  2    Str: 10    XL:     3   Next: 43%
Magic:  7/7        EV: 12    Int: 14    God:
Gold:   26         SH:  0    Dex: 14    Spells: 6/7 levels left

rFire   . . .      SeeInvis .   f - +0 whip (flame)
rCold   . . .      Faith    .   (no shield)
rNeg    . . .      Spirit   .   a - +0 robe
rPois   .          Reflect  .   (helmet currently unavailable)
rElec   .          Harm     .   (no cloak)
rCorr   .          Rampage  .   (no gloves)
Will    .....                   (boots currently unavailable)
Stlth   +.........              (no amulet)
HPRegen 0.08/turn               (no ring)
MPRegen 0.10/turn               (no ring)

@: appendages
A: horns 2, (nimble swimmer 2), mertail
a: End Transformation


You were on level 1 of the Dungeon.
You had temporarily grown beastly horns.
You visited 1 branch of the dungeon, and saw 2 of its levels.

You collected 26 gold pieces.

Inventory:

Hand Weapons
 d - a +0 short sword
 e - a +0 whip
 f - a +0 whip of flaming (weapon)
Armour
 a - a +0 robe (worn)
Scrolls
 c - a scroll of vulnerability {unknown}
 h - a scroll of magic mapping {unknown}
Potions
 b - a potion of heal wounds {unknown}
 g - 2 potions of might {unknown}


   Skills:
 - Level 1.1 Fighting
 - Level 2.6 Dodging
 - Level 3.2 Unarmed Combat
 + Level 2.8 Spellcasting
 + Level 4.0 Transmutations


You had 6 spell levels left.
You knew the following spells:

 Your Spells              Type           Power      Damage    Failure   Level
a - Beastly Appendage     Tmut           26%        N/A       4%          1

Your spell library contained the following spells:

 Spells                   Type           Power      Damage    Failure   Level
 Wereblood                Tmut           13%        N/A       6%          2
 Spider Form              Tmut/Pois      7%         N/A       28%         3
 Ice Form                 Ice/Tmut       7%         N/A       67%         4


Dungeon Overview and Level Annotations

Branches:
Dungeon (2/15)

Altars:


Innate Abilities, Weirdness & Mutations

You have temporarily grown beastly horns.
((You are very nimble when in or above water. (Stealth+, EV+, Speed+++)))
Your lower body shifts to a powerful aquatic tail in water.


Message History

Your transformation is almost over.
Your horns disappear.
The golden eye pulsates ominously.
The golden eye pulsates ominously.
The golden eye pulsates ominously.
Key pressed, stopping explore.
The golden eye turns its gaze towards you.
The shining eye turns its gaze towards you.
The shining eye turns its gaze towards you.
A gnoll comes into view. It is wielding a +0 spear.
The gnoll shouts!
A gnoll is nearby!
A gnoll is nearby!
A gnoll is nearby!
A gnoll is nearby!
You grow a pair of large bovine horns.
The gnoll hits you from afar with a +0 spear.
The gnoll barely misses you.
You hit the gnoll but do no damage. The gnoll hits you with a +0 spear.
You barely miss the gnoll. The gnoll hits you with a +0 spear.
You are too injured to fight recklessly!
You are too injured to fight recklessly!
You are too injured to fight recklessly!
You hit the gnoll. You burn the gnoll.
The gnoll is moderately wounded.
The gnoll closely misses you. The gnoll barely misses you.
You barely miss the gnoll. You headbutt the gnoll.
The gnoll is heavily wounded.
The gnoll hits you with a +0 spear.
You hit the gnoll. You burn the gnoll.
The gnoll is severely wounded.
The gnoll hits you with a +0 spear.
* * * LOW HITPOINT WARNING * * *
You hit the gnoll but do no damage.
The gnoll is severely wounded.
The gnoll closely misses you.
You hit the gnoll. You burn the gnoll.
The gnoll is almost dead.
The gnoll hits you with a +0 spear.
You die...

#...##.##......# #...'.##
#...#.#....##'####...#.# ####
#.##.##.........##...#.# #...
#.#.#...##......##.###'######...
#.###..##....>..##.#............
#......##.......##.#............
#......##.#...####.#...........#
#########'#.######.#...........#
#(....#..@g..#...........#
#.....#.######...........# ###
#.........# ##......)....#
..########.#.#.#.#
#.......#'#'##
#................# #.......#.#.#
#.....###...###..#
#.......#.#.##
#.....#G#...#G#..#
#......##.#...
#.....###...###.##
#.........#### #...............#
#.......###


You could see a gnoll.

Vanquished Creatures
  An adder (D:2)
  A dart slug (D:1)
  2 ball pythons (D:1)
  5 endoplasms (D:1)
  A giant cockroach (D:1)
  2 goblins (D:1)
  4 hobgoblins
  3 kobolds
  2 bats (D:1)
  3 frilled lizards
24 creatures vanquished.

Notes
Turn   | Place    | Note
-------+----------+-------------------------------------------
     0 | D:1      | Bruhh the Merfolk Transmuter began the quest for the Orb.
     0 | D:1      | Reached XP level 1. HP: 15/15 MP: 3/3
    52 | D:1      | Noticed a great orb of eyes
    53 | D:1      | Found a faded altar of an unknown god.
    56 | D:1      | Noticed a shining eye
    56 | D:1      | Noticed a golden eye
    56 | D:1      | Noticed a shining eye
   202 | D:1      | Reached skill level 3 in Transmutations
   292 | D:1      | Reached XP level 2. HP: 21/21 MP: 3/5
  1179 | D:2      | Reached XP level 3. HP: 4/26 MP: 7/7
  1769 | D:1      | Reached skill level 4 in Transmutations
  2147 | D:1      | Slain by a gnoll

Illustrated notes

Levels and vault maps discovered:
D:1:      dpeg_arrival_rooms_c, layout_basic,
          hellmonk_ecumenical_altar_watching_god, minmay_vboxes
D:2:      minmay_chambers_of_ones, layout_loops_corners, serial_shops,
          nicolae_square_shop, minmay_liquid_box, kennysheep_generic_room_8

Skill      XL: |  1  2  3 |
---------------+----------+-----
Transmutations | 3 4 |  4.0
Fighting       | |  1.1
Dodging        | |  2.6
Unarmed Combat | |  3.2
Spellcasting   | |  2.8

Action                   || total
-------------------------++-------
Melee: Unarmed           ||    36
       Punch             ||     2
       Whip              ||    48
       Headbutt          ||     7
       Short sword       ||     1
 Cast: Beastly Appendage ||    20
  Use: Potion            ||     1
 Stab: Sleeping          ||     2
Armor: Robe              ||    25
Dodge: Dodged            ||    79
